 Dungeon Crawl Stone Soup version 0.29-a0-1052-g6990b1bffc (webtiles) character file.

Game seed: 15558154454135718983

149 spaghetti the Grave Robber (level 5, -1/38 HPs)
             Began as a Mummy Necromancer on Aug 18, 2022.
             Slain by a goblin
             ... wielding a +0 club
              (2 damage)
             ... on level 3 of the Dungeon.
             The game lasted 00:04:36 (3103 turns).

spaghetti the Grave Robber (Mummy Necromancer)      Turns: 3103, Time: 00:04:36

Health: -1/38      AC:  5    Str: 11    XL:     5   Next: 9%
Magic:  2/9        EV: 12    Int: 16    God:
Gold:   160        SH:  0    Dex: 13    Spells: 4/9 levels left

rFire   x . .      SeeInvis .   q - +0 short sword (protect) {short}
rCold   + . .      Faith    .   (no shield)
rNeg    + + +      Spirit   .   a - +0 robe
rPois   ∞          Reflect  .   p - +0 helmet
rElec   .          Harm     .   s - +0 cloak
rCorr   .          Rampage  .   (no gloves)
Will    .....                   l - +0 pair of boots
Stlth   ++........              (no amulet)
HPRegen 0.12/turn               (no ring)
MPRegen 0.11/turn               (no ring)

@: no status effects
A: cold resistance 1, negative energy resistance 3, torment resistance 2, heat
vulnerability 1, in touch with death 1, no potions
a: no special abilities


You were on level 3 of the Dungeon.
You visited 1 branch of the dungeon, and saw 3 of its levels.

You collected 160 gold pieces.


Innate Abilities, Weirdness & Mutations

You are immune to poison.
Your flesh is cold resistant. (rC+)
You are immune to negative energy. (rN+++)
You are immune to unholy pain and torment.
You are vulnerable to heat. (rF-)
You are in touch with the powers of death.
You do not drink.


   Skills:
 + Level 1.8 Fighting
 + Level 1.4 Armour
 - Level 1.5 Dodging
 - Level 1.5 Stealth
 - Level 2.6 Spellcasting
 + Level 5.6 Necromancy


You had 4 spell levels left.
You knew the following spells:

 Your Spells              Type           Power      Damage    Failure   Level
a - Necrotise             Necr           100%       1d9       1%          1
b - Animate Dead          Necr           30%        N/A       19%         4

Your spell library contained the following spells:

 Spells                   Type           Power      Damage    Failure   Level
 Vampiric Draining        Necr           30%        2d8       6%          3
 Foxfire                  Conj/Fire      8%         2x1d4     19%         1
 Slow                     Hex            8%         N/A       19%         1
 Confusing Touch          Hex            2%         N/A       50%         3
 Conjure Flame            Conj/Fire      2%         6-21      50%         3
 Gell's Gravitas          Tloc           2%         N/A       50%         3
 Inner Flame              Hex/Fire       2%         N/A       50%         3
 Lesser Beckoning         Tloc           2%         N/A       50%         3
 Teleport Other           Tloc           2%         N/A       50%         3
 Flame Wave               Conj/Fire      2%         2d4       88%         4
 Agony                    Necr           30%        N/A       47%         5

Inventory:

Hand Weapons
 c - a +0 dagger {short}
   (You took it off a goblin on level 1 of the Dungeon)
 f - a +0 whip {mace}
   (You took it off a goblin on level 1 of the Dungeon)
 g - a +0 dagger {short}
   (You found it on level 1 of the Dungeon)
 i - a +0 whip {mace}
   (You found it on level 1 of the Dungeon)
 j - a +0 club {mace}
   (You took it off a goblin on level 1 of the Dungeon)
 k - a +0 dagger {short}
   (You took it off a goblin on level 1 of the Dungeon)
 m - a +0 club {mace}
   (You took it off a goblin on level 1 of the Dungeon)
 n - a +0 short sword {short}
   (You took it off a kobold on level 1 of the Dungeon)
 q - a +0 short sword of protection (weapon) {short}
   (You found it on level 1 of the Dungeon)
Missiles
 e - 6 poisoned darts {throwing}
 h - 30 stones {throwing}
Armour
 a - a +0 robe (worn)
 l - a +0 pair of boots (worn)
   (You found it on level 1 of the Dungeon)
 p - a +0 helmet (worn)
   (You found it on level 1 of the Dungeon)
 s - a +0 cloak (worn)
   (You found it on level 3 of the Dungeon)
Scrolls
 b - a scroll of vulnerability {unknown}
 d - 2 scrolls of identify {unknown}
 o - a scroll of immolation {unknown}
 r - a scroll of poison {unknown}

Dungeon Overview and Level Annotations

Branches:
Dungeon (3/15) Zot: 14884

Altars:
Makhleb

.# #.#)#..'.+.!#.#!.+.+.†#.#.8#.#
.# #.#)####.####.####.####.####.#
.# #.#..........................#
.###.#.##########################
.......# #..##.# .####.## #..#.#
### .# #.# #...# #.. .# #.#
#..#.###.# .####.####..##.#@^#
........(..J.ggg#.#
......####.######... .###### #.#
##.# .# #.# ... .# #.# #.# ## #..
... #.. ## ##.


You could see 2 gnolls, an endoplasm and a goblin.


Message History

Aiming: Necrotise (safe; 1% risk of failure)
Press: ? - help, Shift-Dir - straight line, f/p - gnoll
Aim: a gnoll, wielding a +0 whip (heavily wounded, chance to affect: 88%)
You feel a surge of power!
The gnoll writhes in agony.
The endoplasm jiggles.
The gnoll hits you with a +0 whip. 😮 HP[-5] MP[-1]
You take 5 damage, and now have 24/38 hp.
You lost 1 mp, and now have 2/9 mp.
Casting: Necrotise (safe; 1% risk of failure)
Confirm with . or Enter, or press ? or * to list all spells.
Aiming: Necrotise (safe; 1% risk of failure)
Press: ? - help, Shift-Dir - straight line, f/p - gnoll
Aim: a gnoll, wielding a +0 whip (severely wounded, chance to affect: 88%)
You feel a surge of power!
The gnoll writhes in agony!
You kill the gnoll!
The dead are walking!
The gnoll hits your gnoll zombie with a +0 flail! 😮 MP[-1]
You lost 1 mp, and now have 1/9 mp.
Casting: Necrotise (safe; 1% risk of failure)
Confirm with . or Enter, or press ? or * to list all spells.
You can't see any susceptible monsters within range! (Use Z to cast anyway.)
Casting: Necrotise (safe; 1% risk of failure)
Confirm with . or Enter, or press ? or * to list all spells.
You can't see any susceptible monsters within range! (Use Z to cast anyway.)
The gnoll hits your gnoll zombie with a +0 flail!
Your gnoll zombie is destroyed! 😮 HP[+1]
Casting: Necrotise (safe; 1% risk of failure)
Confirm with . or Enter, or press ? or * to list all spells.
Aiming: Necrotise (safe; 1% risk of failure)
Press: ? - help, Shift-Dir - straight line, f - gnoll
Aim: a gnoll, wielding a +0 flail (chance to affect: 88%)
You feel a surge of power!
The gnoll writhes in agony. 😮 MP[-1]
You lost 1 mp, and now have 0/9 mp.
You aren't carrying any items that you can evoke.
Okay, then.
You can't drink.
Throw: 10 darts (poison) {throwing}
Press: ? - help, Shift-Dir - straight line, f/p - gnoll
Aim: a gnoll, wielding a +0 flail (lightly wounded, 60% to hit)
You throw a poisoned dart {throwing}.
The poisoned dart {throwing} barely misses the gnoll.
The poisoned dart {throwing} hits the gnoll. 😮 MP[+1] Throw: 9 darts (poison) {throwing}
Press: ? - help, Shift-Dir - straight line, f/p - gnoll
Aim: a gnoll, wielding a +0 flail (lightly wounded, 60% to hit)
You throw a poisoned dart {throwing}.
The poisoned dart {throwing} closely misses the gnoll.
The poisoned dart {throwing} hits the gnoll.
The gnoll is poisoned.
The gnoll misses you. The gnoll attacks as you move away!
The gnoll barely misses you. The gnoll attacks as you move away!
The gnoll barely misses you. The gnoll attacks as you move away!
The gnoll hits you with a +0 flail. 😮 HP[-5]
You take 5 damage, and now have 20/38 hp. 😮 HP[+1]
Your reaping aura is weakening.
Throw: 8 darts (poison) {throwing}
Press: ? - help, Shift-Dir - straight line, f/p - gnoll
Aim: a gnoll, wielding a +0 flail (lightly wounded, 60% to hit)
You throw a poisoned dart {throwing}.
The poisoned dart {throwing} hits the gnoll.
The gnoll is poisoned.
The gnoll looks more healthy.
The gnoll hits you with a +0 flail!
* * * LOW HITPOINT WARNING * * *
😨 HP[-8] MP[+1]
You take 8 damage, and now have 13/38 hp.
MASSIVE DAMAGE!! (PAUSE) Throw: 7 darts (poison) {throwing}
Press: ? - help, Shift-Dir - straight line, f/p - gnoll
Aim: a gnoll, wielding a +0 flail (moderately wounded, poisoned, 60% to hit)
You throw a poisoned dart {throwing}.
The poisoned dart {throwing} hits the gnoll.
The gnoll misses you. The gnoll hits you with a +0 flail.
* * * LOW HITPOINT WARNING * * *
😱 HP[-5]
You take 5 damage, and now have 8/38 hp.
Unknown command.
Unknown command.
A goblin comes into view. It is wielding a +0 club.
Your reaping aura expires. 😱 HP[+1]
The gnoll attacks as you move away! The gnoll hits you with a +0 flail.
* * * LOW HITPOINT WARNING * * *
The goblin barely misses you. 😱 HP[-5]
You take 5 damage, and now have 4/38 hp.
The gnoll attacks as you move away! The gnoll hits you with a +0 flail.
* * * LOW HITPOINT WARNING * * *
The gnoll looks more healthy.
The goblin completely misses you. 😱 HP[-3]
You take 3 damage, and now have 1/38 hp.
Really walk into that dispersal trap?
The goblin attacks as you move away! The goblin hits you with a +0 club.
You die...

Skill      XL: |  1  2  3  4 |
---------------+-------------+-----
Necromancy     | 5 |  5.6
Fighting       | 1 |  1.8
Armour         | 1 |  1.4
Dodging        | |  1.5
Stealth        | |  1.5
Spellcasting   | |  2.6

Action                   |  1- 3 |  4- 6 || total
-------------------------+-------+-------++-------
Melee: Unarmed           |    48 |       ||    48
       Short sword       |    70 |    37 ||   107
       Punch             |     1 |       ||     1
Throw: Dart              |       |     4 ||     4
 Cast: Necrotise         |    68 |    17 ||    85
       Animate Dead      |       |     1 ||     1
 Stab: Sleeping          |     4 |     2 ||     6
Armor: Robe              |    49 |    16 ||    65
Dodge: Dodged            |    73 |    33 ||   106

Levels and vault maps discovered:
D:1:      dpeg_arrival_tiny_a, layout_rooms,
          wander_ebering_terrifying_dragon_lair
D:2:      layout_loops_corners, dreamdust_ecumenical_altar_statues, basic_altar,
          serial_bayou_pond_c, minmay_goblin_kobold_house
D:3:      minmay_door_path, layout_loops_ring, serial_shops, shop, uniq_sigmund

Notes
Turn   | Place    | Note
-------+----------+-------------------------------------------
     0 | D:1      | spaghetti the Mummy Necromancer began the quest for the
                  | Orb.
     0 | D:1      | Reached XP level 1. HP: 13/13 MP: 4/4
     0 | D:1      | magus.rc [v1.9.6]
    87 | D:1      | Reached XP level 2. HP: 10/19 MP: 0/5
   793 | D:1      | Reached skill level 5 in Necromancy
   795 | D:1      | Gained mutation: You are in touch with the powers of death.
                  | [Mummy growth]
   795 | D:1      | Reached XP level 3. HP: 20/24 MP: 1/7
  1570 | D:2      | You pick up a book of Flames and begin reading...
  1570 | D:2      | You add the spells Foxfire, Conjure Flame, Inner Flame and
                  | Flame Wave to your library.
  2034 | D:2      | Found a burning altar of Makhleb.
  2295 | D:2      | Found a faded altar of an unknown god.
  2702 | D:3      | Reached XP level 4. HP: 25/31 MP: 0/8
  2707 | D:3      | Reached skill level 1 in Fighting
  2707 | D:3      | Reached skill level 1 in Armour
  2959 | D:3      | You pick up a book of Debilitation and begin reading...
  2959 | D:3      | You add the spells Slow and Confusing Touch to your
                  | library.
  2986 | D:3      | Learned a level 4 spell: Animate Dead
  2999 | D:3      | You pick up a book of Displacement and begin reading...
  2999 | D:3      | You add the spells Lesser Beckoning, Gell's Gravitas and
                  | Teleport Other to your library.
  3023 | D:3      | Reached XP level 5. HP: 38/38 MP: 9/9
  3095 | D:3      | HP: 8/38 [gnoll/+0 flail (5)]
  3100 | D:3      | HP: 4/38 [gnoll/+0 flail (5)]
  3101 | D:3      | HP: 1/38 [gnoll/+0 flail (3)]
  3103 | D:3      | Slain by a goblin

Vanquished Creatures
  2 orc wizards (D:3)
  A gnoll (D:3)
  A worm (D:2)
  2 dart slugs
  6 orcs (D:3)
  7 endoplasms
  3 giant cockroaches
  10 goblins
  5 hobgoblins
  5 jackals
  6 kobolds
  2 quokkas
  5 ball pythons
  3 bats
  A frilled lizard (D:1)
  4 rats
63 creatures vanquished.

Vanquished Creatures (collateral kills)
  An endoplasm (D:1)
  A goblin (D:1)
  2 hobgoblins
4 creatures vanquished.

Vanquished Creatures (others)
  A gnoll zombie (D:3)
1 creature vanquished.

Grand Total: 68 creatures vanquished

Table legend:
 A = Non-vault XP
 B = Vault XP
 C = Vault XP percentage of total XP
 D = Non-vault monster count
 E = Vault monster count
 F = Vault count percentage of total count
                 A         B        C        D         E       F
            +---------+---------+-------+---------+---------+-------
      Total |     197 |      17 |   7.9 |      58 |       9 |  13.4
            +---------+---------+-------+---------+---------+-------
        D:1 |      48 |       1 |   2.0 |      28 |       1 |   3.4
        D:2 |      37 |       6 |  14.0 |      17 |       3 |  15.0
        D:3 |     112 |      10 |   8.2 |      13 |       5 |  27.8
            +---------+---------+-------+---------+---------+-------

Illustrated notes

Table legend:
 A = Kills in this place as a percentage of kills in entire the game.
 B = Kills by you in this place as a percentage of kills by you in the entire game.
 C = Kills by friends in this place as a percentage of kills by friends in the entire game.
 D = Other kills in this place as a percentage of other kills in the entire game.
 E = Experience gained in this place as a percentage of experience gained in the entire game.
 F = Experience gained in this place divided by the number of levels of this place that you have seen.
                   A       B       C       D       E      F
               +-------+-------+-------+-------+-------+----------------------
         Total | 100.0 | 100.0 | 100.0 |   N/A | 100.0 |  71.3
       Dungeon | 100.0 | 100.0 | 100.0 |   N/A | 100.0 |  71.3
               +-------+-------+-------+-------+-------+----------------------

Table legend: (Time is in decaauts)
 A = Elapsed time spent in this place.
 B = Non-inter-level travel time spent in this place.
 C = Inter-level travel time spent in this place.
 D = Time resting spent in this place.
 E = Time spent auto-exploring this place.
 F = Levels seen in this place.
 G = Mean time per level.
                   A        B        C        D        E       F      G
               +--------+--------+--------+--------+--------+-----+--------+
         Total |   3115 |   3038 |     77 |      0 |   2497 |   3 | 1038.3 |
       Dungeon |   3115 |   3038 |     77 |      0 |   2497 |   3 | 1038.3 |
               +--------+--------+--------+--------+--------+-----+--------+

Top non-repeatable levels by time:
     D:2: 1409 daAuts
     D:1: 1275 daAuts
     D:3: 430 daAuts
